AoeStats
← PiroTrix

Arabia

509175282Analyzed
2v2 RM · 6d ago on Sep 25, 2026· 53m 4s· 4 players
Game mode
Random Map
Map size
Medium (4 player)
Population
200
Speed
Normal
Resources
Standard
Victory
Conquest
Starting age
Dark Age
Ending age
Imperial Age
RankedLock teamsTeams togetherTeam positionsShared explorationLock speedFull tech treeHidden civsTurbo modeCheats
Victory
Defeat
🇷🇺 Varangians · Russia
924
+15
🇦🇲 Inca · Armenia
924
+15
🇺🇸 Japanese · United States
923
-16
🇨🇱 Franks · Chile
868
-36
Tiglatpalasar
4:50 Loom
11:38 Feudal Age
13:05 Double-Bit Axe
13:08 Horse Collar
16:11 Stone Mining
23:40 Castle Age
22:32 Bloodlines
25:50 Stone Shaft Mining
25:07 Gold Mining
26:13 Bow Saw
27:47 Scale Barding Armor
27:53 Forging
27:51 Husbandry
30:30 Heavy Plow
33:11 Vendel Legacy
36:13 Iron Casting
37:26 Chain Barding Armor
45:31 Imperial Age
43:39 Wheelbarrow
42:49 Town Watch
45:45 Cavalier
47:32 Blast Furnace
47:07 Plate Barding Armor
46:33 Scale Mail Armor
46:39 Capped Ram
48:24 Siege Ram
49:53 Elite Varangian Guard
50:57 Chain Mail Armor
xcho89
6:49 Loom
9:36 Feudal Age
10:06 Double-Bit Axe
10:20 Horse Collar
17:08 Fletching
21:23 Castle Age
20:51 Padded Archer Armor
22:45 Heavy Plow
22:58 Bow Saw
22:25 Champi Runner
22:47 Crossbowman
23:35 Gold Mining
24:05 Thumb Ring
25:51 Wheelbarrow
25:55 Gold Shaft Mining
25:20 Bodkin Arrow
25:44 Champi Runner
26:47 Forging
28:36 Iron Casting
29:06 Champi Warrior
30:08 Leather Archer Armor
30:23 Squires
30:48 Ballistics
30:29 Town Watch
33:57 Arson
38:10 Imperial Age
35:54 Scale Mail Armor
36:14 Hand Cart
35:53 Stone Mining
36:19 Masonry
38:17 Treadmill Crane
38:15 Arbalester
38:57 Bracer
40:00 Chemistry
39:24 Conscription
39:35 Town Patrol
39:20 Treadmill Crane
40:07 Caravan
41:09 Ring Archer Armor
43:21 Elite Champi Warrior
47:22 Blast Furnace
48:57 Crop Rotation
ChrispyBlue
10:34 Feudal Age
18:53 Castle Age
16:58 Double-Bit Axe
17:54 Gold Mining
19:12 Crossbowman
29:38 Loom
33:30 Imperial Age
33:23 Padded Archer Armor
33:14 Fletching
33:32 Arbalester
36:00 Bodkin Arrow
36:21 Leather Archer Armor
38:42 Bracer
39:35 Bow Saw
40:13 Pikeman
40:54 Squires
41:22 Halberdier
PiroTrix
11:42 Feudal Age
12:09 Double-Bit Axe
12:18 Man-at-Arms
30:11 Castle Age
31:52 Padded Archer Armor
31:43 Fletching
38:40 Husbandry
38:50 Scale Barding Armor
38:56 Forging
Connection lost

Rejoining the realm…

Still unreachable

The connection could not be restored.

Session expired

The server has moved on; the page needs a fresh start.